Map: Heavy Artillery LE

Players

Zerg - Winner!

  • Race: Zerg Zerg

DrMobius - Winner!

  • Race: Terran Terran
  • League: Diamond

qqq

  • Race: Zerg Zerg

Massa

  • Race: Terran Terran

VOD

Have the link to the VOD?

Description

Time

  • Played on: April 7, 2021, 1:04 p.m.
  • Length: 18:06
Show
View Real Time Build Order
Export as new Build Order

Zerg Zerg - Winner!

Build Orders: Hatch First, Lurkers 

Get SALT Encoding   

  12  0:01  Drone  
  13  0:12  Drone  
  14  0:26  Overlord  
  14  0:49  Hatchery  
  13  0:59  Spawning Pool  
  13  1:03  Extractor  
  11  1:05  Drone  
  11  1:10  Drone  
  13  1:17  Drone  
  14  1:22  Drone  
  15  1:27  Drone  
  16  1:44  Drone  
  17  1:55  Queen  
  17  1:59  Drone  
  17  2:00  Drone  
  21  2:01  Extractor  
  21  2:06  Drone  
  21  2:11  Drone  
  22  2:20  Roach Warren  
  21  2:26  Drone  
  21  2:28  Overlord  
  22  2:35  Overlord  
  22  3:03  Roach x5  
  32  3:13  Roach x2  
  36  3:32  Roach x3  
  42  3:36  Overlord  
  42  3:45  Overlord  
  42  4:03  Drone x3  
  42  4:04  Drone x2  
  42  4:08  Ravager x2  
  49  4:30  Ravager  
  50  4:41  Roach x6  
  60  5:02  Spine Crawler, Queen  
  60  5:03  Spine Crawler  
  58  5:37  Ravager  
  39  5:49  Drone, Lair  
  44  5:50  Drone x5  
  44  5:51  Queen  
  47  6:01  Hatchery  
  46  6:07  Ravager  
  46  6:08  Ravager x5  
  52  6:13  Evolution Chamber  
  51  6:23  Metabolic Boost  
  51  6:26  Baneling Nest  
  51  6:27  Spore Crawler  
  51  6:28  Drone x3  
  52  6:46  Drone x4  
  52  6:47  Drone  
  57  7:08  Drone  
  57  7:09  Drone x2  
  57  7:11  Overlord  
  57  7:12  Overlord  
  57  7:13  Hydralisk Den  
  59  7:17  Extractor  
  59  7:20  Queen x2  
  59  7:40  Drone x7  
  66  7:50  Evolution Chamber  
  65  7:51  Evolution Chamber  
  64  8:03  Drone x10  
  74  8:06  Burrow  
  74  8:14  Pneumatized Carapace  
  74  8:15  Drone x3  
  77  8:34  Overlord x2  
  62  8:35  Overseer x2  
  62  8:37  Roach x7  
  76  8:50  Grooved Spines  
  76  8:55  Lurker Den  
  76  8:58  Infestation Pit  
  64  9:17  Hydralisk  
  64  9:18  Hydralisk x3  
  64  9:23  Roach x2  
  72  9:30  Tunneling Claws  
  72  9:36  Extractor  
  72  9:37  Extractor, Drone x5  
  72  9:38  Drone x3, Extractor  
  77  9:39  Drone x9  
  86  9:58  Hive  
  86  10:02  Muscular Augments  
  86  10:05  Drone x3  
  89  10:08  Spore Crawler  
  88  10:22  Hydralisk  
  88  10:23  Hydralisk x4  
  98  10:33  Overlord  
  98  10:34  Overlord x3  
  98  10:46  Hatchery  
  97  10:51  Queen x2  
  97  10:52  Hatchery  
  100  10:59  Lurker x6  
  100  11:01  Hatchery, Zergling x18  
  114  11:26  Centrifical Hooks  
  114  11:27  Queen  
  114  11:28  Glial Reconstitution  
  114  11:32  Adaptive Talons  
  116  11:41  Overlord x3  
  116  11:42  Overlord  
  103  12:06  Spore Crawler  
  103  12:07  Zerg Missile Weapons Level 1, Spore Crawler  
  101  12:09  Zerg Ground Armor Level 1, Zerg Melee Weapons Level 1  
  101  12:15  Pathogen Glands  
  101  12:28  Drone x3  
  101  12:29  Drone x11  
  118  12:30  Drone x3  
  118  12:31  Spore Crawler x2  
  118  12:32  Spore Crawler  
  115  13:00  Nydus Network  
  114  13:07  Hydralisk x11  
  114  13:08  Hydralisk x4  
  114  13:11  Overlord x4  
  114  13:12  Neural Parasite, Overlord  
  144  13:19  Extractor  
  143  13:20  Extractor  
  142  13:31  Seismic Spines  
  142  13:32  Spire  
  141  13:51  Nydus Canal  
  141  13:53  Zergling x4  
  141  13:54  Zergling x38  
  152  14:23  Baneling  
  152  14:24  Baneling x7  
  144  14:27  Queen x3  
  145  14:41  Drone x2  
  145  14:42  Drone x4  
  150  14:50  Zerg Ground Armor Level 2, Zerg Melee Weapons Level 2, Zerg Missile Weapons Level 2  
  150  15:00  Overlord x4  
  150  15:01  Overlord  
  150  15:26  Drone x7  
  157  15:28  Spine Crawler  
  157  15:29  Spore Crawler  
  157  15:32  Adrenal Glands  
  140  16:28  Hatchery  
  139  16:39  Hatchery  
  138  16:47  Extractor  
  138  16:48  Extractor  
  138  16:49  Drone  
  138  16:50  Drone x2  
  138  16:51  Drone x5  
  138  16:52  Overlord x7  
  138  16:53  Overlord x2  
  144  17:14  Baneling x8  
  144  17:15  Baneling x3  
  125  17:40  Hydralisk x13  
  125  17:41  Hydralisk x15  
Show
View Real Time Build Order
Export as new Build Order

DrMobius Terran - Winner!

Build Orders:  

Get SALT Encoding   

  12  0:00  SCV  
  13  0:16  SCV  
  13  0:19  Supply Depot  
  15  0:28  SCV  
  15  0:48  Barracks  
  15  0:55  Barracks  
  15  1:09  Barracks  
  15  1:13  SCV  
  16  1:34  SCV  
  16  1:36  Supply Depot  
  16  1:38  Marine  
  18  1:43  Marine  
  19  1:58  Marine x2  
  21  2:05  Marine  
  22  2:12  Bunker  
  22  2:16  Marine  
  22  2:17  Marine  
  22  2:21  Bunker  
  20  2:45  Marine x2  
  21  2:54  Marine  
  21  2:56  Orbital Command  
  22  3:10  Marine x2  
  24  3:20  Refinery  
  24  3:26  Command Center  
  22  3:36  Marine  
  23  3:51  Marine  
  23  3:52  Marine  
  23  3:53  SCV  
  26  3:56  Marine  
  27  4:06  SCV  
  27  4:09  Marine  
  31  4:20  SCV  
  23  4:45  SCV  
  24  4:47  Supply Depot  
  24  4:48  Factory  
  18  5:07  SCV  
  18  5:08  Orbital Command  
  19  5:16  Marine  
  19  5:17  Marine x2  
  22  5:24  Orbital Command  
  22  5:27  SCV  
  23  5:32  Factory Tech Lab  
  23  5:33  Refinery  
  23  5:34  Starport  
  23  5:39  SCV  
  21  5:51  SCV  
  22  5:58  SCV  
  23  6:07  SCV  
  23  6:10  SCV  
  25  6:17  Siege Tank  
  25  6:18  Starport Tech Lab  
  28  6:20  SCV  
  28  6:22  SCV  
  28  6:25  Barracks  
  30  6:26  Barracks  
  30  6:27  Barracks  
  30  6:28  Barracks  
  30  6:33  SCV  
  30  6:34  SCV  
  30  6:39  Banshee  
  35  7:07  SCV  
  35  7:08  SCV  
  37  7:09  Siege Tank  
  37  7:13  Barracks Reactor, Barracks Tech Lab x2  
  40  7:19  SCV  
  40  7:20  Refinery, SCV, Barracks Reactor  
  42  7:23  Marine  
  43  7:32  SCV  
  43  7:34  SCV  
  45  7:41  Supply Depot  
  45  7:44  SCV  
  46  7:46  SCV  
  46  7:47  Factory  
  46  7:48  Marine  
  46  7:49  Marine x2  
  46  7:50  Marine  
  46  7:51  Marine  
  52  7:52  Starport Reactor  
  52  7:56  SCV  
  52  7:58  SCV  
  54  8:02  Marine x2  
  54  8:04  Supply Depot  
  56  8:07  Marine  
  56  8:08  SCV  
  56  8:11  SCV  
  59  8:20  SCV  
  60  8:28  Liberator x2  
  60  8:30  SCV  
  60  8:32  SCV, Marine x2  
  60  8:33  Refinery  
  68  9:01  Marine x2  
  57  9:03  SCV  
  57  9:07  Siege Tank  
  59  9:22  Marine x2  
  59  9:23  Marine  
  59  9:24  Stimpack, Combat Shield  
  62  9:25  Siege Tank  
  64  9:33  SCV x2  
  66  9:44  Marine x4  
  66  9:45  Command Center  
  70  9:50  Supply Depot  
  70  9:51  Engineering Bay x2, Supply Depot  
  70  10:07  Supply Depot  
  70  10:12  SCV x2, Marine x2, Medivac x2  
  70  10:13  Siege Tank  
  81  10:27  SCV x2  
  83  10:45  Marine x4  
  83  10:46  Medivac x2, Siege Tank x2  
  94  10:57  SCV x2  
  92  11:18  SCV x2  
  94  11:23  Marine x5  
  94  11:24  Siege Tank x2  
  105  11:26  Terran Infantry Armor Level 1, Terran Infantry Weapons Level 1  
  105  11:28  Armory, Supply Depot  
  105  11:30  SCV x2  
  105  11:31  Barracks  
  107  11:33  Barracks  
  107  11:41  Marine  
  107  11:42  SCV  
  109  11:49  Marine x4  
  109  11:50  SCV  
  114  11:54  SCV  
  114  11:55  Orbital Command  
  115  12:02  SCV  
  115  12:06  SCV  
  117  12:19  Supply Depot x2  
  117  12:30  Barracks Reactor  
  117  12:33  Barracks Reactor  
  117  12:36  Refinery  
  117  12:40  SCV, Marine x5  
  123  12:58  Sensor Tower  
  123  12:59  SCV  
  123  13:00  Missile Turret  
  123  13:01  Missile Turret  
  123  13:04  Marine x6  
  123  13:05  Siege Tank  
  133  13:14  Supply Depot x2  
  133  13:15  Terran Vehicle Weapons Level 1, Supply Depot  
  133  13:18  Supply Depot x3  
  133  13:20  Terran Infantry Armor Level 2, Terran Infantry Weapons Level 2, Siege Tank  
  133  13:21  Marine  
  133  13:22  Marine  
  138  13:36  Marine  
  138  13:37  Marine x5  
  144  13:46  Marine, Medivac x2  
  144  13:47  Marine x3  
  152  13:54  Marine  
  153  14:13  Marine x10  
  163  14:17  Siege Tank x2  
  163  14:23  Fusion Core  
  169  14:24  Starport  
  169  14:25  Ghost Academy  
  169  14:28  Ghost Academy  
  169  14:29  Barracks  
  169  14:30  Marine  
  169  14:31  Barracks, Marine x5  
  170  14:32  Barracks  
  175  14:44  Marine x4  
  175  14:46  Medivac x2  
  175  14:48  Marine  
  175  14:49  Marine x2  
  175  14:52  Command Center  
  181  14:54  Refinery  
  178  15:19  Marine x5  
  166  15:45  Medivac x2  
  166  15:46  Marine  
  171  15:59  Barracks Tech Lab  
  171  16:01  Barracks Tech Lab  
  171  16:03  Marine  
  172  16:07  Barracks Tech Lab  
  157  16:26  Ghost x2  
  161  16:54  Starport Reactor  
  161  16:55  Ghost x2  
  161  16:56  Nuke  
  165  17:15  Sensor Tower  
  165  17:16  Missile Turret  
  165  17:19  Missile Turret x3  
  165  17:20  Refinery  
  165  17:21  Missile Turret  
  165  17:23  Ghost x2  
  165  17:24  Refinery  
  139  17:32  Marine x5  
  139  17:33  Marine  
Show
View Real Time Build Order
Export as new Build Order

qqq Zerg 

Build Orders: Hatch First, Lurkers 

Get SALT Encoding   

  12  0:01  Drone  
  13  0:08  Drone  
  14  0:18  Overlord  
  14  0:45  Hatchery  
  13  1:03  Spawning Pool  
  12  1:06  Drone  
  12  1:10  Drone  
  14  1:27  Drone x2  
  16  1:33  Extractor  
  15  1:48  Drone x2  
  17  2:03  Drone  
  17  2:04  Queen x2  
  17  2:06  Drone  
  23  2:13  Zergling x4  
  24  2:18  Zergling x2  
  24  2:21  Zergling x2  
  26  2:28  Zergling x2  
  21  2:53  Spine Crawler  
  21  2:58  Drone, Zergling x2  
  22  3:08  Metabolic Boost  
  22  3:15  Zergling x2  
  22  3:17  Zergling x2  
  24  3:21  Zergling x2  
  25  3:34  Zergling x4  
  27  3:40  Overlord  
  27  3:51  Overlord  
  27  4:10  Baneling Nest  
  27  4:13  Zergling x8  
  30  4:23  Zergling x4  
  22  4:46  Drone  
  22  4:47  Drone  
  23  4:59  Zergling x2  
  23  5:10  Zergling x2  
  24  5:18  Drone  
  23  5:36  Drone  
  23  5:37  Drone  
  20  5:46  Drone  
  20  5:56  Drone  
  21  6:01  Drone  
  22  6:12  Drone  
  23  6:29  Drone  
  23  6:31  Drone  
  25  6:46  Drone  
  26  6:49  Queen  
  27  7:04  Hatchery  
  26  7:12  Roach Warren  
  26  7:14  Drone  
  26  7:18  Drone  
  26  7:20  Drone  
  28  7:25  Zergling x2  
  28  7:27  Drone  
  30  7:31  Drone  
  30  7:34  Drone  
  32  7:38  Zergling x2  
  32  7:43  Zergling x2  
  34  7:44  Drone  
  34  7:46  Zergling x2  
  34  7:49  Drone  
  37  7:53  Drone  
  37  7:55  Zergling x2  
  37  7:58  Zergling x2  
  40  8:01  Drone  
  40  8:04  Drone  
  42  8:12  Lair  
  42  8:13  Extractor  
  39  8:20  Spore Crawler  
  36  8:28  Spore Crawler  
  35  8:40  Drone x4  
  39  8:44  Drone x4  
  37  8:58  Zergling x2  
  37  8:59  Zergling x8  
  37  9:01  Zergling x2  
  43  9:18  Zergling x8  
  43  9:19  Zergling x2  
  43  9:21  Drone x2  
  50  9:24  Spore Crawler  
  50  9:25  Overlord  
  49  9:39  Hydralisk Den  
  49  9:42  Drone  
  49  9:43  Drone  
  49  9:44  Spire  
  49  9:53  Queen  
  49  9:55  Drone x2  
  49  9:59  Drone  
  54  10:00  Drone  
  54  10:02  Drone  
  56  10:09  Hydralisk  
  58  10:50  Extractor  
  58  10:51  Overlord x2  
  58  10:52  Overlord x9  
  58  10:53  Overlord  
  54  11:11  Hydralisk x2  
  46  11:16  Mutalisk  
  46  11:17  Mutalisk, Corruptor  
  56  11:19  Lurker Den  
  56  11:20  Drone  
  56  11:21  Drone  
  57  11:33  Extractor  
  57  11:34  Drone x3  
  57  11:35  Hydralisk  
  57  11:36  Zergling x4  
  63  11:55  Spine Crawler  
  63  11:57  Drone  
  63  11:58  Drone x2  
  63  11:59  Drone  
  63  12:00  Hydralisk x2  
  70  12:02  Hydralisk, Zergling x2  
  70  12:06  Baneling x4  
  73  12:08  Zergling x2  
  73  12:09  Drone  
  73  12:11  Drone  
  76  12:18  Corruptor  
  76  12:20  Hydralisk  
  76  12:21  Drone  
  81  12:29  Infestation Pit  
  80  12:32  Evolution Chamber x2  
  80  12:36  Lurker x3  
  80  12:37  Lurker  
  82  12:38  Lurker  
  82  12:41  Drone x2  
  85  12:49  Drone x3  
  85  12:50  Drone  
  90  12:51  Drone  
  90  12:53  Hydralisk  
  90  12:58  Zergling x4  
  94  12:59  Zergling x2  
  94  13:01  Zergling x2  
  94  13:02  Zergling x2  
  94  13:04  Zergling x2  
  98  13:10  Zerg Ground Armor Level 1  
  98  13:12  Zerg Missile Weapons Level 1  
  98  13:16  Drone  
  98  13:17  Drone  
  100  13:21  Drone x4  
  100  13:22  Drone  
  100  13:24  Extractor  
  100  13:26  Extractor  
  103  13:34  Corruptor  
  105  13:41  Overseer x2  
  105  13:43  Pneumatized Carapace  
  105  13:45  Drone x3  
  108  13:57  Hydralisk, Zergling x12  
  108  13:58  Hydralisk x2  
  108  13:59  Zergling x6  
  122  14:05  Zergling x6  
  122  14:06  Zergling x2  
  119  14:28  Hive  
  119  14:29  Hydralisk x4  
  118  15:04  Centrifical Hooks  
  118  15:06  Zerg Ground Armor Level 2  
  118  15:07  Hatchery, Zerg Melee Weapons Level 1  
  110  15:28  Hydralisk x6  
  108  15:29  Hydralisk  
  120  15:39  Hydralisk  
  120  15:40  Hydralisk x2  
  120  15:42  Lurker x2  
  128  15:45  Zergling x10, Overlord x3  
  128  15:46  Overlord x2  
  128  15:47  Drone x2  
  118  16:23  Hydralisk x7  
  118  16:24  Hydralisk  
  107  16:34  Zergling x6  
  110  16:45  Lurker x2  
  112  16:47  Zergling x2  
  112  16:48  Drone x5, Zergling x2  
  119  16:57  Drone x3  
  124  17:02  Queen  
  124  17:07  Lurker x3  
  129  17:12  Hatchery  
  123  17:18  Hatchery, Lurker  
  123  17:19  Lurker  
  66  17:45  Zergling x2  
  66  17:46  Zergling x8  
Show
View Real Time Build Order
Export as new Build Order

Massa Terran 

Build Orders:  

Get SALT Encoding   

  12  0:00  SCV  
  13  0:12  SCV  
  14  0:20  Refinery  
  14  0:25  Supply Depot  
  14  0:28  SCV  
  15  0:46  SCV  
  15  0:48  Barracks  
  16  0:58  SCV  
  17  1:11  SCV  
  18  1:23  Barracks  
  18  1:35  Reaper  
  19  1:40  Bunker  
  19  1:53  Bunker  
  19  2:07  Marine  
  20  2:09  Barracks  
  20  2:12  Supply Depot  
  20  2:27  Marine  
  20  2:28  Marine  
  21  2:45  Marine  
  21  2:52  Marine  
  22  3:00  Orbital Command  
  22  3:02  Factory  
  22  3:03  Marine  
  23  3:10  Marine x2  
  24  3:21  Marine  
  20  3:27  Marine  
  20  3:28  Marine  
  22  3:39  Marine  
  23  3:44  SCV  
  23  3:45  Marine  
  23  3:46  Marine  
  25  3:56  Marine  
  25  3:57  SCV  
  27  4:03  Factory Tech Lab, Marine  
  27  4:04  Marine  
  29  4:14  Bunker, Marine  
  30  4:21  Marine  
  27  4:33  Marine x2  
  26  4:39  Marine  
  27  4:45  Siege Tank  
  27  4:51  Marine  
  27  4:52  Marine  
  31  4:57  Marine  
  28  5:05  SCV  
  29  5:09  Marine  
  29  5:10  Marine  
  31  5:23  Supply Depot x3  
  31  5:28  Marine  
  31  5:30  SCV, Marine  
  30  5:43  Marine  
  30  5:45  Marine  
  30  5:48  Marine  
  33  6:01  Marine  
  34  6:04  SCV  
  34  6:06  Siege Tank  
  34  6:11  Refinery  
  38  6:16  SCV  
  39  6:29  Barracks Tech Lab  
  39  6:30  Barracks Reactor  
  39  6:32  Command Center  
  39  6:40  Marine  
  40  6:51  Siege Tank  
  43  6:57  SCV  
  43  6:58  Marine  
  45  7:09  SCV  
  45  7:11  Stimpack  
  45  7:12  Marine x2  
  45  7:13  Marine  
  49  7:16  Marine  
  49  7:21  SCV  
  48  7:30  Marine x2  
  48  7:33  SCV  
  51  7:40  Marine  
  51  7:41  Marauder  
  54  7:44  Siege Tank  
  54  7:48  Marine x2  
  59  7:53  Starport  
  59  7:58  Marine  
  58  8:02  Marauder  
  60  8:06  Marine x2  
  62  8:23  Engineering Bay  
  59  8:41  Orbital Command  
  59  8:42  SCV  
  60  8:54  SCV  
  45  9:06  SCV  
  40  9:19  SCV  
  40  9:20  Marine x2  
  40  9:21  Marauder, Marine  
  40  9:35  Medivac  
  40  9:38  Marine x2  
  41  9:39  Marine  
  41  9:42  Marauder  
  46  9:47  Missile Turret  
  46  9:48  Missile Turret x2  
  46  9:56  Marine x2  
  46  9:59  Armory, Terran Infantry Weapons Level 1  
  48  10:04  Marauder  
  50  10:09  Command Center  
  50  10:23  Medivac  
  50  10:26  Widow Mine  
  52  10:47  SCV x2  
  54  10:56  Missile Turret  
  54  10:59  SCV x2  
  54  11:00  Starport Tech Lab  
  53  11:31  Combat Shield  
  53  11:32  Marauder, Marine x3  
  56  11:34  Siege Tank  
  56  11:36  Medivac  
  63  11:50  Marine x3  
  63  11:54  Marauder  
  56  12:04  Planetary Fortress  
  56  12:06  SCV x2  
  56  12:08  Marine x2  
  59  12:13  Banshee  
  59  12:15  Marauder  
  65  12:18  SCV x2  
  67  12:30  SCV  
  68  12:41  Terran Infantry Armor Level 1  
  68  12:47  Barracks x2, Engineering Bay  
  68  12:50  Barracks Tech Lab  
  68  12:51  Factory  
  68  12:54  Ghost Academy  
  68  12:55  SCV x3  
  71  13:00  Concussive Shells  
  71  13:07  SCV x3  
  71  13:11  Raven  
  76  13:14  Marine x2  
  76  13:19  SCV  
  81  13:22  Marauder  
  81  13:23  Marauder  
  81  13:29  SCV x2, Missile Turret  
  81  13:31  SCV  
  81  13:32  Marine  
  85  13:36  Refinery x2  
  85  13:41  Supply Depot x4  
  85  13:43  Refinery, Supply Depot  
  85  13:44  Refinery, Supply Depot  
  85  13:45  Supply Depot  
  85  14:02  Marine  
  85  14:03  SCV, Marauder  
  85  14:06  Barracks Reactor, Barracks Tech Lab, Marauder, Marine  
  84  14:20  Marine  
  83  14:24  Marauder, Marine  
  83  14:26  Marine  
  66  15:04  Command Center  
  66  15:08  Viking  
  66  15:11  Siege Tank  
  66  15:12  Factory Tech Lab  
  71  15:36  SCV x2  
  73  15:43  Siege Tank  
  73  15:46  Marauder x2, Marine x4  
  73  15:47  Marine  
  73  15:48  SCV  
  86  16:04  Marine x5  
  86  16:07  Marine x2, Medivac  
  95  16:15  Siege Tank  
  98  16:19  Orbital Command  
  98  16:22  Marine x2  
  98  16:23  Marauder  
  98  16:24  Refinery x2  
  98  16:25  Marauder  
  104  16:28  Siege Tank  
  104  16:29  Marauder, Marine x2  
  111  16:37  Medivac  
  113  16:44  SCV x2, Marauder  
  117  16:49  Missile Turret  
  117  16:50  Missile Turret  
  117  16:51  Sensor Tower  
  117  16:56  SCV x2  
  117  16:57  SCV  
  120  17:07  Medivac  
  120  17:08  SCV x2  
  123  17:09  SCV  
  125  17:20  SCV  
  97  17:34  Marauder x2, Marine  
  97  17:35  Marauder, Marine x2  
  75  17:39  Marine  
Tags
 
Add a new tag
Caveats
  • Supply blocks, unpowered buildings, or Contaminate may cause inaccurate times.
  • Supply counts are checked every 10 seconds.